[Event "Chinese League Div-A Rapid 2022"]
[Site "Fuling,Chongqing"]
[Date "2022.09.16"]
[Round "9.16"]
[White "Chen, Qi b"]
[Black "Zhang, Pengxiang"]
[Result "0-1"]
[ECO "C54"]
[WhiteElo "2485"]
[BlackElo "2564"]
[Annotator "ChessBase"]
[PlyCount "64"]
[EventDate "2022.09.07"]
[EventType "team-tourn"]
[EventCountry "CHN"]
[SourceTitle "playchess.com"]
[Source "ChessBase"]
[SourceQuality "1"]
[TimeControl "1500+10"]

1. e4 e5 2. Nf3 Nc6 3. Bc4 Bc5 4. c3 Nf6 5. d4 exd4 6. cxd4 Bb4+ 7. Nc3 Nxe4 8. O-O Bxc3 9. d5 Ne5 10. Qe2 O-O 11. bxc3 Nxc4 12. Qxc4 Nd6 13. Qf4 b6 14. Ba3 Bb7 15. Rfd1 Re8 16. Bxd6 cxd6 17. Nd4 Bxd5 18. Nf5 Re5 19. Ne3 Be6 20. Rxd6 Qf6 21. Qb4 Rc5 22. Rc1 Rac8 23. Rd4 a5 24. Qa4 b5 25. Qd1 Rxc3 26. Rxc3 Rxc3 27. h3 h6 28. Nd5 Bxd5 29. Rxd5 Qf4 30. g3 Qc4 31. Kh2 Rc2 32. Rd2 Rxa2 0-1

[Event "Chinese League Div-A Rapid 2022"]
[Site "Fuling,Chongqing"]
[Date "2022.09.16"]
[Round "9.17"]
[White "Lin, Chen"]
[Black "Peng, Xiongjian"]
[Result "0-1"]
[ECO "B36"]
[WhiteElo "2485"]
[BlackElo "2454"]
[Annotator "TA"]
[PlyCount "112"]
[EventDate "2022.09.07"]
[EventType "team-tourn"]
[EventCountry "CHN"]
[SourceTitle "playchess.com"]
[Source "ChessBase"]
[SourceQuality "1"]
[TimeControl "1500+10"]

1. e4 c5 2. Nf3 Nc6 3. d4 cxd4 4. Nxd4 g6 5. c4 Nf6 6. Nc3 d6 7. Be2 Nxd4 8. Qxd4 Bg7 9. Be3 O-O 10. Qd2 a5 11. O-O a4 12. f3 Be6 13. b3 {[%emt 0:03:29] B36: Sicilian: Maroczy Bind: Gurgenidze System.} axb3 14. axb3 Nd7 15. Rab1 {[%emt 0:00:55] White is slightly better.} Qa5 16. b4 Qa3 {[%emt 0:00:02] [#]} 17. Nb5 $146 (17. Rfc1 $5 ) ({Predecessor:} 17. Rfc1 Rfc8 18. Nd5 Bxd5 19. exd5 h5 20. Rc2 b6 21. Bf2 Kh7 22. f4 Kg8 23. h3 {½-½ (39) Ponomariov,R (2675)-Mamedov,R (2650) Hengshui 2019}) 17... Qa2 18. Nc7 Qxd2 19. Bxd2 Ra2 $132 {[%emt 0:00:40][%mdl 2048] Black is not holding back} 20. Rfd1 Rc8 (20... Ne5 {feels hotter.} 21. c5 dxc5 22. Nxe6 fxe6 23. bxc5 Kf7) 21. Nxe6 fxe6 22. Bf1 Kf7 23. Be3 b6 {[%emt 0:00:27] Against c5} 24. f4 Ra3 25. Bc1 Ra7 26. Be3 Rca8 27. e5 dxe5 28. fxe5 Bxe5 29. Rd2 Ra3 30. Rxd7 Rxe3 31. Rd3 Rxd3 32. Bxd3 $17 {[%emt 0:00:01][%mdl 4096] Endgame KRB-KRB} Ra3 33. Be2 Ra2 34. Kf2 Bxh2 {[%emt 0:01:28] Black has more active pieces.} 35. Rh1 Bd6 36. Rxh7+ Kg8 37. Rh4 Bxb4 38. Re4 (38. Kf3 $17 {was called for.}) 38... Kf7 $19 39. Kf3 Bd6 {[%emt 0:00:44] Prevents Rf4+.} 40. Bd3 Rd2 41. Be2 Kf6 42. Rh4 e5 43. Ke3 Ra2 44. Bf3 Bc5+ 45. Kd3 Ra3+ 46. Ke2 Kg5 (46... g5 $19 47. Rh3 Kf5) 47. Re4 (47. Rh3 $17) 47... Kf5 48. g4+ $2 {[%emt 0:00:14] [#]} (48. Kd1 {might work better.}) 48... Kf6 49. g5+ Kf5 50. Bh1 Rh3 51. Bf3 Rg3 {[%emt 0:01:15] Against Bg4+} ({Avoid the trap} 51... Kxg5 $2 52. Rxe5+ Kf6 53. Re4 $19) 52. Rh4 $2 {[%emt 0:00:10] [#]} (52. Bh1) 52... Kxg5 53. Rh2 e4 {[%emt 0:00:21][%cal Be5e4,Be4e3][%mdl 32] Black mates.} 54. Bh1 Ra3 55. Rh8 Ra2+ 56. Kf1 e3 {[%emt 0:00:20] Weighted Error Value: White=0.47/Black=0.06 (flawless)} 0-1

[Event "Chinese League Div-A Rapid 2022"]
[Site "Fuling,Chongqing"]
[Date "2022.09.16"]
[Round "9.18"]
[White "Xu, Jun"]
[Black "Nie, Xinyang"]
[Result "0-1"]
[ECO "E11"]
[WhiteElo "2474"]
[BlackElo "2388"]
[Annotator "TA"]
[PlyCount "135"]
[EventDate "2022.09.07"]
[EventType "team-tourn"]
[EventCountry "CHN"]
[SourceTitle "playchess.com"]
[Source "ChessBase"]
[SourceQuality "1"]
[TimeControl "1500+10"]

1. d4 Nf6 2. c4 e6 3. Nf3 Bb4+ 4. Bd2 c5 5. g3 O-O 6. Bg2 d6 {[%emt 0:01:30] E11: Bogo-Indian.} 7. O-O Nc6 8. Be3 Qe7 {[%emt 0:01:52] [#] The position is equal.} 9. h3 $146 ({Predecessor:} 9. Nc3 Bxc3 10. bxc3 Na5 11. Qd3 e5 12. Nd2 Bg4 13. Rae1 h6 14. f4 e4 15. Nxe4 Nxe4 16. Bxe4 {0-1 (37) Starostits,A (2377)-Smirnov,A (2376) Tallinn 2006}) 9... Rd8 10. Qc2 e5 11. dxe5 dxe5 12. Bg5 h6 (12... e4 $5 13. Nfd2 Nd4 $17) 13. Bxf6 Qxf6 14. Nc3 Bf5 15. Ne4 $1 Qe7 16. e3 Rd7 17. Rfd1 Rad8 {[%emt 0:00:03] Hoping for ...Rxd1+.} 18. Nh2 {[%emt 0:01:00] [#]} (18. Rxd7 $11 Rxd7 19. a3) 18... Bg6 (18... Rd2 $1 $15 19. Rxd2 Rxd2) 19. Nf1 f5 $1 20. Rxd7 Qxd7 21. Nc3 Bxc3 22. Bxc6 Qxc6 23. Qxc3 Qd6 24. Nh2 e4 25. b3 Bh5 26. a4 (26. Qa5 $15) 26... Kf7 ({Better is} 26... Qe7 $17 27. Qa5 Rd3 28. Qxa7 Rxb3) 27. a5 (27. Qa5 $11 {keeps the balance.}) 27... Qf6 $17 28. Qxf6+ Kxf6 {[%emt 0:00:01][%mdl 4096] Endgame KRB-KRN} 29. g4 fxg4 30. hxg4 Bf7 31. Rb1 b6 32. axb6 axb6 33. Kg2 Rd3 34. Kg3 Ke5 35. Nf1 Be6 36. Kh4 g6 37. Kg3 g5 {[%emt 0:00:01] Black is more active.} 38. f3 exf3 39. Kxf3 Rd8 40. Ra1 (40. Nh2 {was called for.}) 40... Rd7 41. Rb1 Rd3 42. Ng3 Rd8 43. Nf1 Bf7 (43... Rf8+ $19 44. Kg3 Rd8) 44. Ra1 Rd3 45. Rb1 Rd6 46. Ra1 Bg6 47. Ng3 (47. Ra2 $1 $15) 47... Rd3 $2 ({Black should play} 47... Bc2 $19 {...Bd1+ is the strong threat.} 48. Ke2 Bxb3) 48. Rh1 $15 Rd6 $2 (48... Rxb3 $15 49. Rxh6 Bf7) 49. Ra1 $1 $19 {[%emt 0:00:16] Black converts the advantage convincingly.} Bc2 50. Nf5 $2 (50. Ke2 {was the only defense.}) 50... Be4+ 51. Kg3 Bxf5 52. gxf5 Kxf5 {[%emt 0:00:01] KR-KR} 53. Kf3 (53. b4 $142 cxb4 54. Rb1) 53... h5 {[%emt 0:00:09][%cal Bh6h5,Bh5h4][%mdl 32] [#] And now ...g4+ would win.} 54. b4 cxb4 55. Rb1 g4+ 56. Kg3 Kg5 {[%emt 0:00:09] ( -> ...Rd2)} 57. Rxb4 h4+ {[%emt 0:00:00] Black mates.} 58. Kf2 Rf6+ 59. Kg1 h3 60. Kh2 Kh4 61. Kg1 Rd6 62. Rb1 Kg3 63. e4 Kf4 64. Re1 g3 65. e5 Re6 66. Rf1+ Kxe5 67. Rf3 Rg6 68. Rd3 {[%emt 0:00:04] Weighted Error Value: White=0.53/Black=0.28 (precise)} 0-1

[Event "Chinese League Div-A Rapid 2022"]
[Site "Fuling,Chongqing"]
[Date "2022.09.16"]
[Round "9.19"]
[White "Zhang, Xiaowen"]
[Black "Yuan, Ye"]
[Result "0-1"]
[ECO "C42"]
[WhiteElo "2307"]
[BlackElo "2108"]
[Annotator "TA"]
[PlyCount "60"]
[EventDate "2022.09.07"]
[EventType "team-tourn"]
[EventCountry "CHN"]
[SourceTitle "playchess.com"]
[Source "ChessBase"]
[SourceQuality "1"]
[TimeControl "1500+10"]

1. e4 e5 2. Nf3 Nf6 3. Nc3 Bb4 4. Nxe5 O-O 5. Be2 Re8 6. Nd3 Bxc3 7. dxc3 Nxe4 8. O-O d5 9. Nf4 c6 10. c4 d4 11. Re1 {[%emt 0:01:16] C42: Petroff Defence: 3 Nxe5 and unusual White 3rd moves.} Na6 12. Bf1 Bf5 13. f3 {[%emt 0:02:19] White has an edge.} Nf6 14. Rxe8+ Nxe8 15. g4 Bg6 {[%emt 0:02:57] [#]} 16. Nxg6 $146 ({Predecessor:} 16. b3 d3 17. c3 Qb6+ 18. Kg2 Rd8 19. Qe2 Nec7 20. b4 c5 21. b5 Nb8 22. Be3 {1-0 (49) Romero Holmes,A (2440)-Fernandez Garcia,J (2445) Spain 1993}) 16... hxg6 17. b3 c5 18. Bf4 Nec7 19. Bg3 Ne6 20. Qd2 Qf6 21. f4 {[%emt 0:00:26] Against Ng5} Nb4 22. Bg2 Rd8 23. a3 (23. Bxb7 d3 24. c3 Nd4 $17) (23. Rd1 $5 ) 23... d3 24. c3 {[%emt 0:00:01] [#] Black must now prevent g5.} Nc2 (24... Nd4 $5 25. g5 (25. axb4 $2 Nxb3 26. Qe3 Nxa1 $19) 25... Qd6 $11) 25. Rf1 g5 (25... b5 $11) 26. f5 $2 (26. fxg5 $16 Qxg5 27. Qxg5 Nxg5 28. Bh4 (28. Bxb7 $2 d2 $19)) 26... Nf4 $1 $15 27. Bxf4 gxf4 28. Bxb7 $2 (28. Rf3 $1 $15) 28... Qg5 $19 ({Not} 28... Qe7 $2 29. Bc6 $19) 29. Rxf4 (29. Kh1 Ne3 30. Rg1) 29... Re8 {[%emt 0:00:18] [#] Threatens to win with ...Re1+.} 30. Bf3 Re3 $2 {[%emt 0:00:59] Weighted Error Value: White=0.79/Black=0.11 (very precise)} (30... Re1+ {mates} 31. Kf2 Qh4+ 32. Kg2 Ne3+ 33. Qxe3 Rxe3 34. Bd1 Qh3+ 35. Kf2 Re5 36. g5 Qxh2+ 37. Kf3 Qg1 38. Re4 Rxf5+ 39. Rf4 Qxd1+ 40. Kf2 Rxg5 41. Rg4 Rxg4 42. Ke3 Qe2#) 0-1

[Event "Chinese League Div-A Rapid 2022"]
[Site "Fuling,Chongqing"]
[Date "2022.09.16"]
[Round "9.20"]
[White "Zhang, Lanlin"]
[Black "Guo, Qi"]
[Result "0-1"]
[ECO "C56"]
[WhiteElo "2135"]
[BlackElo "2406"]
[Annotator "TA"]
[PlyCount "120"]
[EventDate "2022.09.07"]
[EventType "team-tourn"]
[EventCountry "CHN"]
[SourceTitle "playchess.com"]
[Source "ChessBase"]
[SourceQuality "1"]
[TimeControl "1500+10"]

1. e4 e5 2. Nf3 Nc6 3. d4 exd4 4. Bc4 Nf6 5. O-O Nxe4 6. Re1 d5 7. Bxd5 Qxd5 8. Nc3 Qa5 9. Nxe4 Be6 10. Neg5 O-O-O 11. Nxe6 fxe6 12. Rxe6 Be7 13. Bd2 {[%emt 0:01:28] C56: Two Knights: 4 d4 exd4 5 0-0 Nxe4.} Qd5 14. Qe2 Bf6 (14... d3 {is more complex.} 15. cxd3 Bf6 16. Bf4 Qxd3 17. Bg5 Bxg5 18. Nxg5 h6) 15. Qe4 {[%emt 0:02:07] The position is equal.} Qxe4 16. Rxe4 Rd5 17. Rae1 Rc5 18. Rc1 Rd8 {[%emt 0:00:20] [#]} 19. g4 $146 ({Predecessor:} 19. c3 dxc3 20. Bxc3 Bxc3 21. Rxc3 Rxc3 22. bxc3 Rd3 23. Re3 Rxe3 24. fxe3 Kd7 25. Kf2 {½-½ (32) Celik,E (1761)-Oner,O (2037) Konya 2018}) 19... a5 20. Kg2 g6 21. a3 a4 22. g5 Bh8 23. Ne1 Ne5 24. Nd3 Rb5 (24... Nxd3 $11 25. cxd3 Rxc1 26. Bxc1 Bg7) 25. Bf4 $14 Nc6 26. Rce1 Rf5 27. h4 b6 (27... Bg7 $142) 28. Bg3 Rb5 (28... Bg7 $142) 29. Kh3 Rf5 30. Kg4 Bg7 $2 {[%emt 0:00:33] [#]} (30... Rf7 $16 {was worth a try.} 31. h5 gxh5+ 32. Kxh5 Kd7) 31. Bf4 $2 (31. Re6 $1 $18 {[%cal Re6c6] and the rest is easy.} Kb7 32. h5) 31... Rf7 32. Rh1 Bf8 33. h5 Bd6 34. Bd2 (34. hxg6 $16 hxg6 35. Rh6) 34... Re7 35. Rxe7 Nxe7 36. hxg6 hxg6 37. Rh7 c5 38. Bf4 {[%emt 0:01:34] aiming for Bxd6.} Nc6 39. Bxd6 Rxd6 $11 {[%emt 0:00:02][%mdl 4096] Endgame KRN-KRN} 40. f4 c4 41. Nf2 ({But not} 41. Ne5 Nxe5+ 42. fxe5 Rd5 $17) 41... d3 42. cxd3 cxd3 43. Rh1 Na5 44. Ne4 Rd4 45. Nd2 b5 46. Kf3 Nc4 47. Nxc4 bxc4 {[%emt 0:00:01] KR-KR} 48. Ke3 Rd6 49. Kd2 (49. Rg1 {looks sharper.} Kd7 50. f5 d2 51. fxg6 d1=Q 52. Rxd1 Rxd1 53. g7) 49... Kd7 {[%emt 0:00:36] ...Re6 is the strong threat.} 50. Kc3 Ke6 {[%emt 0:00:05] And now ...Kf5 would win.} 51. Kxc4 Kf5 52. Rd1 {[%emt 0:00:10][%mdl 8192] [#]} (52. Kc3 $11) 52... Ke4 $1 $19 53. f5 gxf5 54. b3 axb3 {[%emt 0:00:15] Hoping for ...b2.} 55. Kxb3 Ke3 {[%emt 0:00:14] Black mates.} 56. Rh1 d2 57. Kc2 Rc6+ 58. Kb2 f4 59. a4 f3 60. a5 Ke2 {[%emt 0:00:03] Never resign too early!  Weighted Error Value: White=0.53/Black=0.10 (very precise)} 0-1

[Event "Chinese League Div-A Rapid 2022"]
[Site "Fuling,Chongqing"]
[Date "2022.09.16"]
[Round "9.21"]
[White "Xu, Minghui"]
[Black "Zhou, Weiqi"]
[Result "0-1"]
[ECO "A17"]
[WhiteElo "2408"]
[BlackElo "2597"]
[Annotator "ChessBase"]
[PlyCount "90"]
[EventDate "2022.09.07"]
[EventType "team-tourn"]
[EventCountry "CHN"]
[SourceTitle "playchess.com"]
[Source "ChessBase"]
[SourceQuality "1"]
[TimeControl "1500+10"]

1. Nf3 Nf6 2. c4 e6 3. Nc3 d5 4. e3 b6 5. b3 Bb7 6. Bb2 Nbd7 7. cxd5 exd5 8. g3 d4 9. Nb5 dxe3 10. dxe3 a6 11. Nbd4 Bb4+ 12. Ke2 O-O 13. Bh3 Ne4 14. Rc1 c5 15. Nf5 Ndf6 16. a3 Ba5 17. Qc2 Qe8 18. Rhd1 Qb5+ 19. Qc4 Rfd8 20. Ne5 Rxd1 21. Rxd1 Bc3 22. Rd3 Qxc4 23. Nxc4 Bxb2 24. Nxb2 Ng5 25. Bf1 Bf3+ 26. Ke1 Be4 27. Nd6 Bxd3 28. Bxd3 Rd8 29. Nb7 Rb8 30. Nd6 b5 31. h4 Nf3+ 32. Ke2 Ne5 33. Bf5 g6 34. Bh3 h5 35. f4 Neg4 36. e4 Ne8 37. Nxe8 Rxe8 38. Bg2 Rd8 39. e5 Rd4 40. Bb7 c4 41. bxc4 bxc4 42. Bxa6 c3 43. Nd3 Re4+ 44. Kd1 Ne3+ 45. Kc1 Ra4 0-1

[Event "Chinese League Div-A Rapid 2022"]
[Site "Fuling,Chongqing"]
[Date "2022.09.16"]
[Round "9.22"]
[White "Lu, Shanglei"]
[Black "Lin, Yi"]
[Result "1-0"]
[ECO "A01"]
[WhiteElo "2616"]
[BlackElo "2394"]
[Annotator "ChessBase"]
[PlyCount "73"]
[EventDate "2022.09.07"]
[EventType "team-tourn"]
[EventCountry "CHN"]
[SourceTitle "playchess.com"]
[Source "ChessBase"]
[SourceQuality "1"]
[TimeControl "1500+10"]

1. b3 e5 2. Bb2 Nc6 3. e3 Nf6 4. c4 Be7 5. Nc3 O-O 6. Nf3 Re8 7. Qc2 Bf8 8. a3 a5 9. h3 h6 10. g4 e4 11. g5 exf3 12. gxf6 Qxf6 13. Nd5 Qd8 14. Rg1 Ne5 15. Qf5 Ng6 16. Bd3 Ra6 17. O-O-O Rae6 18. Bc2 c6 19. Nf4 Re5 20. Qd3 d5 21. Nxg6 Bf5 22. Nxe5 Bxd3 23. Nxd3 dxc4 24. bxc4 Re4 25. Ne5 Rh4 26. Rg3 b5 27. Rdg1 bxc4 28. Nxf3 Rh5 29. Rxg7+ Bxg7 30. Bxg7 Qd5 31. Bf6+ Kf8 32. Bh7 Ke8 33. Rg8+ Kd7 34. Rd8+ Ke6 35. Rxd5 cxd5 36. Bh4 f5 37. Bg6 1-0

[Event "Chinese League Div-A Rapid 2022"]
[Site "Fuling,Chongqing"]
[Date "2022.09.16"]
[Round "9.23"]
[White "Ding, Liren"]
[Black "Xiao, Tong"]
[Result "1/2-1/2"]
[ECO "B81"]
[WhiteElo "2808"]
[BlackElo "2027"]
[Annotator "ChessBase"]
[PlyCount "89"]
[EventDate "2022.09.07"]
[EventType "team-tourn"]
[EventCountry "CHN"]
[SourceTitle "playchess.com"]
[Source "ChessBase"]
[SourceQuality "1"]
[TimeControl "1500+10"]

1. Nf3 c5 2. e4 d6 3. d4 cxd4 4. Nxd4 Nf6 5. Nc3 a6 6. h3 e6 7. g4 d5 8. Nde2 Nxe4 9. Nxe4 dxe4 10. Qxd8+ Kxd8 11. Be3 Bd7 12. O-O-O Ke8 13. Bg2 Bc6 14. Nd4 Bc5 15. Rhe1 Bd5 16. c4 Bxc4 17. Bxe4 Nd7 18. b3 Bb5 19. Bxb7 Rb8 20. Bg2 Bb4 21. Nxb5 axb5 22. Re2 Ke7 23. Kb2 Rbc8 24. a3 Bc5 25. Bg5+ f6 26. Bc1 Rhd8 27. f4 Nb6 28. Rxd8 Rxd8 29. Bd2 Rd3 30. Kc2 Rd8 31. Kb2 Rd3 32. Bc6 Bxa3+ 33. Kxa3 Nc4+ 34. Kb4 Nxd2 35. Bxb5 Rxb3+ 36. Ka4 Rb2 37. Bd3 Kd6 38. Ka5 g6 39. Ka6 e5 40. g5 fxg5 41. fxe5+ Ke6 42. Ka7 h5 43. Bxg6 Nc4 44. Rxb2 Nxb2 45. Bxh5 1/2-1/2

[Event "Chinese League Div-A Rapid 2022"]
[Site "Fuling,Chongqing"]
[Date "2022.09.16"]
[Round "9.24"]
[White "Zhao, Shengxin"]
[Black "Qiu, Mengjie"]
[Result "1-0"]
[ECO "E52"]
[WhiteElo "2112"]
[BlackElo "2149"]
[Annotator "TA"]
[PlyCount "103"]
[EventDate "2022.09.07"]
[EventType "team-tourn"]
[EventCountry "CHN"]
[SourceTitle "playchess.com"]
[Source "ChessBase"]
[SourceQuality "1"]
[TimeControl "1500+10"]

1. d4 Nf6 2. c4 e6 3. Nc3 Bb4 4. e3 O-O 5. Bd3 d5 6. Nf3 b6 7. a3 {[%emt 0:01:50] E52: Nimzo-Indian: Rubinstein: 4...0-0 5 Nf3 d5 6 Bd3 b6.} Bd6 8. e4 dxe4 9. Nxe4 {[%emt 0:00:13] White is slightly better.} Bb7 {[%emt 0:00:19] [#]} (9... Nbd7 $14) 10. Nxd6 {[%emt 0:00:23] [#]} (10. Nxf6+ $1 $16 gxf6 11. Bh6) 10... Qxd6 $146 ({Predecessor:} 10... cxd6 11. Bg5 Nbd7 12. O-O Rc8 13. Re1 d5 14. b3 Qc7 15. Rc1 Qd6 16. Ne5 dxc4 17. bxc4 Nxe5 18. dxe5 {0-1 (40) Stuchly,O (1979)-Cip,D (2143) Stare Mesto 2015}) 11. O-O Nbd7 12. Be2 Ng4 {[%emt 0:01:54] Hoping for ...Bxf3.} 13. g3 h6 (13... c5 $5 ) 14. Bf4 Qc6 (14... e5 $14 15. dxe5 Ngxe5) 15. d5 $16 exd5 {[%emt 0:00:20] Black cannot hold the game after this.} (15... Qc5 $16) 16. Nd4 $1 $18 {[%emt 0:00:14][%csl LRc6,LRg4][%mdl 64] [#] Discovered Attack} Qf6 17. Bxg4 Ne5 18. Bxe5 Qxe5 19. Bf3 Rad8 20. cxd5 ({Don't play} 20. Re1 $6 Qf6 $18) 20... Bxd5 21. Bxd5 Rxd5 22. Nc6 Rxd1 23. Nxe5 Rd2 24. b4 Re8 25. Rfe1 Rc2 26. b5 Rc5 27. Nc6 Rxe1+ 28. Rxe1 Rxb5 {[%emt 0:00:09][%mdl 4096] Endgame KRN-KR} 29. Re8+ Kh7 30. Nxa7 Ra5 31. Nc6 Rxa3 32. Re7 Rc3 33. Nd4 ({Not} 33. Rxc7 b5 $11) 33... c5 34. Nb5 Rb3 {[%emt 0:01:40] And now ...Rb1+ would win.} 35. Nd6 b5 36. Re5 b4 37. Rxc5 Kg6 38. Rb5 Rb1+ 39. Kg2 Kf6 40. Ne4+ Ke6 41. Rb6+ Ke5 42. Nd2 Rd1 (42... Rc1 $142 43. Rxb4 Kd6) 43. Nf3+ Kf5 44. Rxb4 g5 45. Rb6 f6 46. g4+ Kxg4 47. Rxf6 Kh5 48. Ne5 {[%emt 0:00:10] Threatening mate with h3.} Rd5 49. Nf7 Kh4 50. Rxh6+ Kg4 51. Rf6 {[%emt 0:00:12] White wants to mate with f3+.} Kh5 52. h3 {[%emt 0:00:14] Weighted Error Value: White=0.11 (very precise) /Black=0.33} 1-0

[Event "Chinese League Div-A Rapid 2022"]
[Site "Fuling,Chongqing"]
[Date "2022.09.16"]
[Round "9.25"]
[White "Zhou, Guijue"]
[Black "Bai, Xue"]
[Result "0-1"]
[ECO "C47"]
[WhiteElo "2225"]
[BlackElo "2123"]
[Annotator "TA"]
[PlyCount "94"]
[EventDate "2022.09.07"]
[EventType "team-tourn"]
[EventCountry "CHN"]
[SourceTitle "playchess.com"]
[Source "ChessBase"]
[SourceQuality "1"]
[TimeControl "1500+10"]

1. e4 e5 2. Nf3 Nc6 3. Nc3 Nf6 4. d4 exd4 5. Nxd4 Bb4 6. Nxc6 bxc6 7. Bd3 d5 8. exd5 cxd5 {[%emt 0:00:04] 8...0-0 is more fashionable.} 9. O-O O-O 10. h3 {[%emt 0:00:01] C47: Scotch Four Knights and Four Knights with 4 g3.} c6 11. Qf3 Rb8 12. Ne2 {[%emt 0:00:02] The position is equal.} Bd6 13. b3 Be5 14. Bf4 Qd6 15. Rad1 Bxf4 16. Nxf4 {[%emt 0:00:05] [#]} Bb7 $146 ({Predecessor:} 16... Re8 17. Rfe1 Bd7 18. Nh5 Nxh5 19. Qxh5 g6 20. Qh4 a5 21. a4 Rxe1+ 22. Rxe1 c5 {½-½ (30) Sukandar,I (2387)-Heimann,A (2576) Bad Kissingen 2018}) 17. c4 d4 18. Rfe1 Rbe8 (18... c5 $11 {feels stronger.} 19. Qg3 Rfe8) 19. Qg3 (19. Rxe8 $14 Rxe8 20. Ne2) 19... c5 $11 20. Nh5 {[%emt 0:03:17][%csl Gh5][%cal Rg3g7] [#]} Qxg3 21. Nxf6+ gxf6 22. fxg3 Re5 23. Kf2 Rfe8 24. Bf1 (24. Re2 $15) 24... R8e6 {[%emt 0:01:09] Black is more active.} ({Better is} 24... Rxe1 $17 25. Rxe1 Rxe1 26. Kxe1 f5) 25. g4 (25. Re2 $15) 25... Kg7 $17 26. g3 a5 27. Bd3 Re3 28. Rxe3 Rxe3 {[%emt 0:00:02][%mdl 4096] Endgame KRB-KRB} 29. Be2 {[%emt 0:00:02] Against Rf3+} Be4 {[%emt 0:00:43] Inhibits Rd3.} 30. Rd2 {[%emt 0:00:40] Loses the game.} (30. Re1 $17 {was the only defense.}) 30... Rc3 $19 31. Bd1 f5 32. gxf5 Bxf5 33. h4 (33. Bf3 $142) 33... Be4 34. a3 Bd3 35. Rb2 {[%emt 0:02:08] [#]} Kf6 $1 36. Ke1 (36. b4 $17) 36... Be4 37. g4 Ke5 38. g5 (38. b4 {keeps fighting.}) 38... Re3+ 39. Re2 $2 (39. Kd2) 39... Rh3 {[%emt 0:00:07] aiming for ...d3.} 40. Rf2 Bg6 {[%emt 0:01:23] Prevents h5.} 41. Rf6 Rxh4 {[%emt 0:00:11] Threatens to win with ...Rh1+.} 42. Rc6 (42. Rf2 $142 Rh1+ 43. Kd2) 42... Ke4 {[%emt 0:00:11] Strongly threatening ...Ke3.} 43. Rxc5 Ke3 {[%emt 0:00:01][%cal Rh4h1] Black mates.} 44. Be2 d3 45. Re5+ Be4 46. Bxd3 Kxd3 47. c5 Ke3 {[%emt 0:00:07] Weighted Error Value: White=0.57/Black=0.18 (very precise)} 0-1

[Event "Chinese League Div-A Rapid 2022"]
[Site "Fuling,Chongqing"]
[Date "2022.09.16"]
[Round "9.26"]
[White "Li, Di"]
[Black "Zhao, Jun"]
[Result "1/2-1/2"]
[ECO "A07"]
[WhiteElo "2575"]
[BlackElo "2619"]
[Annotator "ChessBase"]
[PlyCount "100"]
[EventDate "2022.09.07"]
[EventType "team-tourn"]
[EventCountry "CHN"]
[SourceTitle "playchess.com"]
[Source "ChessBase"]
[SourceQuality "1"]
[TimeControl "1500+10"]

1. Nf3 d5 2. g3 Bg4 3. Bg2 c6 4. O-O Nd7 5. h3 Bxf3 6. Bxf3 e6 7. d3 Bd6 8. e4 Ne7 9. Bg2 O-O 10. Nd2 a5 11. a4 b5 12. exd5 exd5 13. Nf3 bxa4 14. Rxa4 Nb6 15. Ra2 a4 16. Re1 Qc7 17. h4 Rfe8 18. h5 h6 19. Nh4 Qd7 20. Bd2 c5 21. Kh2 Nc6 22. Rxe8+ Rxe8 23. Bh3 Qd8 24. Nf5 Bf8 25. Ra1 Qf6 26. Kg1 Re5 27. Ne3 Re8 28. Bg2 Rd8 29. c3 Qe6 30. Qg4 Ne5 31. Qe2 c4 32. d4 Nd3 33. Ra2 Qd7 34. Qd1 Qb5 35. Qa1 Rd6 36. Bf3 Rf6 37. Kg2 Qd7 38. Qd1 Bd6 39. Ng4 Re6 40. Ne3 Rf6 41. Ng4 Re6 42. Ne3 Qb5 43. Qa1 Bc7 44. Bd1 Rf6 45. Ng4 Re6 46. Ne3 Rf6 47. Ng4 Re6 48. Ne3 Rf6 49. Ng4 Re6 50. Ne3 Rf6 1/2-1/2

[Event "Chinese League Div-A Rapid 2022"]
[Site "Fuling,Chongqing"]
[Date "2022.09.16"]
[Round "9.27"]
[White "Xu, Xiangyu"]
[Black "Huang, Renjie"]
[Result "1/2-1/2"]
[ECO "D35"]
[WhiteElo "2571"]
[BlackElo "2446"]
[Annotator "ChessBase"]
[PlyCount "83"]
[EventDate "2022.09.07"]
[EventType "team-tourn"]
[EventCountry "CHN"]
[SourceTitle "playchess.com"]
[Source "ChessBase"]
[SourceQuality "1"]
[TimeControl "1500+10"]

1. d4 d5 2. c4 e6 3. Nc3 Nf6 4. cxd5 exd5 5. Bg5 c6 6. e3 Be7 7. Bd3 Nbd7 8. h3 g6 9. Bh6 Bf8 10. Bf4 Bg7 11. Nf3 O-O 12. O-O Re8 13. b4 Qe7 14. Qb3 Nb6 15. b5 Be6 16. bxc6 bxc6 17. Na4 Nfd7 18. Rab1 c5 19. Nxc5 Nxc5 20. dxc5 Qxc5 21. Rfc1 Nc4 22. Ng5 Rac8 23. Qa4 Qa3 24. Qxa3 Nxa3 25. Rxc8 Bxc8 26. Rb8 Nc4 27. e4 h6 28. Nf3 Nb6 29. Bb5 Nd7 30. Ra8 dxe4 31. Nd2 Nb6 32. Rxa7 Rd8 33. Nxe4 Be6 34. a4 Rd4 35. f3 Nd5 36. Bg3 Rd1+ 37. Kh2 Bd4 38. Ra8+ Kg7 39. Bf2 Be5+ 40. Bg3 Bd4 41. Bf2 Be5+ 42. Bg3 1/2-1/2

[Event "Chinese League Div-A Rapid 2022"]
[Site "Fuling,Chongqing"]
[Date "2022.09.16"]
[Round "9.28"]
[White "Zhao, Yuanhe"]
[Black "Liu, Qingnan"]
[Result "1/2-1/2"]
[ECO "A17"]
[WhiteElo "2440"]
[BlackElo "2542"]
[Annotator "ChessBase"]
[PlyCount "145"]
[EventDate "2022.09.07"]
[EventType "team-tourn"]
[EventCountry "CHN"]
[SourceTitle "playchess.com"]
[Source "ChessBase"]
[SourceQuality "1"]
[TimeControl "1500+10"]

1. Nf3 Nf6 2. c4 e6 3. Nc3 d5 4. e3 c5 5. cxd5 exd5 6. Bb5+ Bd7 7. Be2 a6 8. d4 c4 9. O-O Bb4 10. Ne5 O-O 11. Qc2 Nc6 12. a3 Ba5 13. f4 Qc8 14. Bf3 Bf5 15. Qf2 Bxc3 16. bxc3 Ne4 17. Qe1 f6 18. Nxc6 bxc6 19. a4 Qe6 20. Ba3 Rfb8 21. a5 Rb3 22. Bb4 Re8 23. Qc1 Bg4 24. Bxe4 Qxe4 25. Re1 Rb8 26. Qd2 R8xb4 27. cxb4 c3 28. Qf2 Rb2 29. Qg3 h5 30. Rac1 Qd3 31. e4 Qxd4+ 32. Kh1 c2 33. e5 Kf7 34. Qa3 Bf5 35. b5 cxb5 36. Qd6 Be6 37. f5 Bxf5 38. e6+ Bxe6 39. Qxe6+ Kg6 40. Qxa6 b4 41. Qb5 Ra2 42. a6 Kh6 43. a7 Qc3 44. Qxd5 Rxa7 45. Re8 g6 46. Qf3 Qxf3 47. gxf3 b3 48. Rb8 Rd7 49. Rxb3 Rd1+ 50. Kg2 Rxc1 51. Rc3 Kg5 52. Rc4 Kf5 53. h4 g5 54. hxg5 fxg5 55. Rc8 h4 56. Rf8+ Kg6 57. Rg8+ Kh7 58. Rc8 h3+ 59. Kh2 Rf1 60. Rxc2 Rxf3 61. Rc6 Kg7 62. Rd6 Kf7 63. Ra6 Re3 64. Rb6 g4 65. Rb4 Re2+ 66. Kh1 Rg2 67. Rf4+ Ke6 68. Re4+ Kf5 69. Rf4+ Kg5 70. Rf5+ Kh4 71. Rh5+ Kg3 72. Rxh3+ Kf2 73. Rf3+ 1/2-1/2